 Dungeon Crawl Stone Soup version 0.25.1-2-g60ff931 (webtiles) character file.

Game seed: 6783626592139249543

50 Boartato the Cudgeler (level 3, -2/22 HPs)
             Began as a Gargoyle Gladiator on Aug 5, 2020.
             Slain by Natasha (3 damage)
             ... on level 2 of the Dungeon on Aug 21, 2020.
             The game lasted 00:05:02 (1612 turns).

Boartato the Cudgeler (Gargoyle Gladiator)          Turns: 1612, Time: 00:05:03

Health: -2/22      AC:  8    Str: 18    XL:     3   Next: 79%
Magic:  3/3        EV: 12    Int:  8    God:
Gold:   62         SH:  0    Dex: 11    Spells: 2/2 levels left

rFire    . . .     SeeInvis .   a - +0 flail
rCold    . . .     Gourm    .   (no shield)
rNeg     + . .     Faith    .   b - +0 leather armour
rPois    ∞         Spirit   .   p - +0 helmet
rElec    +         Reflect  .   (no cloak)
rCorr    .         Harm     .   o - +0 pair of gloves
MR       .....                  (no boots)
Stlth    +.........             (no amulet)
HPRegen  0.07/turn              (no ring)
MPRegen  0.08/turn              (no ring)

@: slowed, very slow
A: negative energy resistance 1, electricity resistance, unbreathing,
petrification resistance, rot immunity, AC +3
a: no special abilities


You were on level 2 of the Dungeon.
You were not hungry.

You visited 1 branch of the dungeon, and saw 2 of its levels.

You collected 62 gold pieces.

Inventory:

Hand Weapons
 a - a +0 flail (weapon)
Missiles
 d - 3 throwing nets (quivered)
Armour
 b - a +0 leather armour (worn)
 c - a +0 helmet
 o - a +0 pair of gloves (worn)
 p - a +0 helmet (worn)
Jewellery
 n - a cursed amulet of inaccuracy {unknown}
Wands
 m - a wand of polymorph (3)
Scrolls
 e - a scroll of fear {unknown}
 h - a scroll of magic mapping {unknown}
 j - a scroll of identify {unknown}
 k - a scroll of teleportation {unknown}
Potions
 g - 3 potions of curing {unknown}
 i - a potion of mutation {unknown}
Comestibles
 f - 2 rations
 l - 7 chunks of flesh


   Skills:
 + Level 2.6 Fighting
 * Level 4.2 Maces & Flails
 - Level 1.8 Throwing
 - Level 0.1 Armour
 - Level 2.5 Dodging


You had 2 spell levels left.
You didn't know any spells.
Your spell library was empty.

Dungeon Overview and Level Annotations

Branches:
Dungeon (2/15)

Altars:

Annotations:
D:2 Natasha


Innate Abilities, Weirdness & Mutations

You are resistant to torment.
Your stone body is resilient. (AC +3)
You are immune to poison.
You resist negative energy. (rN+)
You are resistant to electric shocks. (rElec)
You can survive without breathing.
You are immune to petrification.
You are immune to rotting.


Message History

You closely miss something. Something claws you but does no damage.
You closely miss something. Something claws you.
You barely miss something. Something claws you.
You hit something. Something claws you but does no damage.
You barely miss something. Something claws you.
* * * LOW HITPOINT WARNING * * *
You hear some strange, mumbled words.
You feel yourself slow down.
You closely miss something. Something claws you but does no damage.
You miss something.
You hear some strange, mumbled words.
A magic dart appears from out of thin air!
The magic dart hits you.
* * * LOW HITPOINT WARNING * * *
Something claws you but does no damage.
You miss something. Something claws you.
* * * LOW HITPOINT WARNING * * *
Something claws you but does no damage.
You miss something. Something claws you.
You die...

......##......#.....#.......#....
..#.####......#..................
..#.# ..................<.......
..#.# ..#... #####....#.....#..
..#.# ##########.### ..#.. ♣.♣
..### ♣.. .## ♣♣♣♣♣♣♣♣♣♣♣ ♣♣ .#
♣♣.♣♣.@{w..♣♣ .##
♣♣♣♣♣♣♣.♣...♣♣♣...♣
..#♣♣......♣♣♣♣♣♣ ♣...♣♣♣
..#♣.♣♣♣♣♣♣♣ ♣♣....♣ ....♣♣
♣♣..♣♣♣♣ ..#♣♣ ♣..♣♣ ..# ♣♣..♣
..# ♣....♣ ..# ♣♣♣.w...


You could see a worm.

Vanquished Creatures
  An adder (D:2)
  An adder zombie (D:1)
  A dart slug (D:1)
  3 bats (D:1)
  A giant cockroach (D:1)
  2 goblins (D:2)
  11 hobgoblins
  2 ball pythons
  2 frilled lizards (D:1)
  A giant cockroach zombie (D:1)
  5 kobolds
  7 rats
37 creatures vanquished.

Notes
Turn   | Place    | Note
-------+----------+-------------------------------------------
     0 | D:1      | Boartato the Gargoyle Gladiator began the quest for the
                  | Orb.
     0 | D:1      | Reached XP level 1. HP: 12/12 MP: 1/1
   281 | D:1      | Reached XP level 2. HP: 16/18 MP: 2/2
   626 | D:1      | Reached XP level 3. HP: 17/22 MP: 3/3
  1413 | D:2      | Reached skill level 4 in Maces & Flails
  1584 | D:2      | Noticed Natasha
  1610 | D:2      | HP: 1/22 [something/magic dart (5)]
  1612 | D:2      | Slain by Natasha

Illustrated notes

Levels and vault maps discovered:
D:1:      saegor_arrival_fortress, layout_loops_ring, serial_park_tiny_pond
D:2:      kb_forest_paths, layout_basic, uniq_jessica, uniq_natasha

Skill      XL: |  1  2  3 |
---------------+----------+-----
Maces & Flails | 4 |  4.2
Fighting       | |  2.6
Throwing       | |  1.8
Armour         | |  0.1
Dodging        | |  2.5

Action                   || total
-------------------------++-------
Melee: Flail             ||   115
  Eat: Chunk             ||     2
Armor: Leather armour    ||    45
Dodge: Dodged            ||    64
